 Adventure DCSS version bcrawl-1.27.3 (webtiles) character file.

Game seed: 4567081066941264645

65127 galech the Covered (level 2, 24/24 HPs)
             Began as a Demonspawn Fighter on July 31, 2020.
             Quit the game on level 3 of the Dungeon.
             The game lasted 00:01:39 (1726 turns).

galech the Covered (Demonspawn Fighter)             Turns: 1726, Time: 00:01:40

Health: 24/24      AC:  9    Str: 16    XL:     2   Next: 55%
Magic:  2/2        EV:  2    Int:  9    God:
Gold:   244        SH:  9    Dex: 13    Spells: 1/1 levels left
                                        Lives:  1   Deaths: 1

rFire    . . .     SeeInvis .   a - +0 war axe
rCold    . . .     Gourm    .   c - +0 medium shield
rNeg     + . .     Faith    .   l - +0 chain mail
rPois    .         Spirit   .   (helmet restricted)
rElec    .         Reflect  .   (no cloak)
rCorr    .         Harm     .   (no gloves)
MR       .....                  (no boots)
Stlth    ..........             (no amulet)
HPRegen  0.08/turn              i - ring "Ihelluhi" {rN+ Stlth--} (curse)
MPRegen  0.08/turn              (no ring)

@: no status effects
A: antennae 1
a: no special abilities


You were on level 3 of the Dungeon.
You were not hungry.

You visited 1 branch of the dungeon, and saw 3 of its levels.

You collected 244 gold pieces.

Inventory:

Hand Weapons
 a - a +0 war axe (weapon)
Armour
 c - a +0 medium shield (worn)
 l - a +0 chain mail (worn)
Jewellery
 i - the cursed ring "Ihelluhi" (left hand) {rN+ Stlth--}
   (You found it on level 1 of the Dungeon)

   [ring of attention]

   It protects you from negative energy.
   It makes you much less stealthy.
   It has a curse placed upon it.
Scrolls
 b - a scroll of blinking {unknown}
 h - 2 scrolls of magic mapping {unknown}
 j - a scroll of immolation {unknown}
 m - a scroll of enchant weapon {unknown}
 n - 3 scrolls of remove curse {unknown}
 p - 2 scrolls of enchant armour
 s - a scroll of amnesia
Potions
 d - a potion of might
 f - a potion of cancellation {unknown}
 g - a potion of lignification {unknown}
 k - a potion of curing {unknown}
 o - a potion of ambrosia {unknown}
 q - a potion of flight {unknown}
 r - a potion of heal wounds {unknown}
Comestibles
 e - 5 rations {!d}


   Skills:
 + Level 3.2 Fighting
 + Level 2.4 Axes
 + Level 3.3 Armour
 + Level 0.3 Dodging
 + Level 2.9 Shields


You had one spell level left.
You didn't know any spells.
Your spell library was empty.

Dungeon Overview and Level Annotations

Branches:
Dungeon (3/12)

Altars:
Nemelex Xobeh
The Shining One


Innate Abilities, Weirdness & Mutations

You have a pair of small antennae on your head.


Message History

You bump into the rock wall.
* * * LOW HITPOINT WARNING * * *
You feel very sick. Something hits you but does no damage.
You are more poisoned.
You bump into the rock wall.
* * * LOW HITPOINT WARNING * * *
You feel very sick. Something hits you but does no damage.
You are more poisoned.
You bump into the rock wall.
You feel less confused.
You die...
You feel very sick.
You hear some strange, mumbled words.
Something tries to affect you, but you resist.
Xom reaches out...
You are now level 2!
You rejoin the land of the living...
Are you sure you want to abandon this character and quit the game? (Confirm with "yes".)

######
#....#
#....#
#....#
#...@#
#....#
#....#
#....#
#....#
.....#
###.###
#.


There were no monsters in sight!

Vanquished Creatures
  A worm (D:1)
  2 dart slugs
  A leopard gecko (D:1)
  2 orcs (D:3)
  2 giant cockroaches
  3 goblins
  8 hobgoblins
  2 ball pythons (D:1)
  3 frilled lizards
  8 kobolds
  7 rats
  A fungus (D:1)
40 creatures vanquished.

Vanquished Creatures (others)
  4 toadstools (D:1)
4 creatures vanquished.

Grand Total: 44 creatures vanquished

Notes
Turn   | Place    | Note
-------+----------+-------------------------------------------
     0 | D:1      | galech the Demonspawn Fighter began the quest for the Orb.
     0 | D:1      | Reached XP level 1. HP: 18/18 MP: 1/1
   270 | D:1      | Gained mutation: You have a pair of small antennae on your
                  | head. [demonic ancestry]
   270 | D:1      | Reached XP level 2. HP: 16/24 MP: 2/2
   706 | D:1      | Got a brightly glowing turquoise ring
   932 | D:2      | Reached XP level 3. HP: 23/29 MP: 3/3
  1315 | D:2      | Found a glowing golden altar of the Shining One.
  1635 | D:3      | Found a sparkling altar of Nemelex Xobeh.
  1671 | D:3      | Identified the cursed ring "Ihelluhi" {rN+ Stlth--} (You
                  | found it on level 1 of the Dungeon)
  1725 | D:3      | Succumbed to an orc wizard's poison
  1726 | D:3      | Reached XP level 2. HP: -2/24 MP: 2/2
  1726 | D:3      | Quit the game

Skill      XL: |  1  2 |
---------------+-------+-----
Armour         | 3 |  3.3
Axes           | 2 |  2.4
Fighting       | |  3.2
Dodging        | |  0.3
Shields        | |  2.9

Action                   || total
-------------------------++-------
Melee: War axe           ||   124
  Use: Scroll            ||     2
  Eat: Chunk             ||     6
Armor: Scale mail        ||    52
       Chain mail        ||     8
Dodge: Dodged            ||    19
Block: Medium shield     ||    57
